AoeStats
← Iguano Pop

Arena

509043465Analyzed
2v2 RM · 7d ago on Sep 25, 2026· 69m 26s· 4 players
Game mode
Random Map
Map size
Medium (4 player)
Population
200
Speed
Normal
Resources
Standard
Victory
Conquest
Starting age
Dark Age
Ending age
Imperial Age
RankedLock teamsTeams togetherTeam positionsShared explorationLock speedFull tech treeHidden civsTurbo modeCheats
Victory
Defeat
🇲🇽 Saracens · Mexico
1302
+19
🇭🇰 Byzantines · Hong Kong SAR China
1240
+23
🇪🇸 Teutons · Spain
1382
-21
🇦🇷 Dravidians · Argentina
1371
-21
KinomtheKaiser
6:02 Loom
8:38 Feudal Age
9:22 Double-Bit Axe
11:19 Horse Collar
13:09 Fletching
21:53 Castle Age
21:17 Stone Mining
22:31 Bodkin Arrow
22:58 Bow Saw
23:02 Heavy Plow
23:45 Masonry
24:13 Guard Tower
26:42 Wheelbarrow
30:55 Imperial Age
33:56 Chemistry
35:23 Padded Archer Armor
35:28 Gold Mining
38:08 Hand Cart
39:20 Leather Archer Armor
39:50 Elite Skirmisher
41:27 Ring Archer Armor
46:36 Conscription
48:36 Forging
48:28 Squires
49:31 Scale Mail Armor
49:46 Pikeman
52:07 Crop Rotation
57:39 Chain Mail Armor
57:59 Iron Casting
58:31 Iron Casting
61:20 Scale Barding Armor
62:16 Blast Furnace
61:49 Plate Mail Armor
63:56 Scale Barding Armor
65:22 Chain Barding Armor
64:23 Cavalier
65:14 Bloodlines
68:17 Hoardings
Piojoso87
10:59 Feudal Age
11:30 Loom
15:50 Castle Age
14:00 Horse Collar
14:36 Double-Bit Axe
15:07 Gold Mining
16:56 Bow Saw
18:46 Wheelbarrow
23:43 Hand Cart
23:31 Heavy Plow
23:47 Stone Mining
29:32 Imperial Age
27:25 Ballistics
26:58 Fletching
27:09 Padded Archer Armor
27:52 Bodkin Arrow
28:09 Pikeman
30:01 Leather Archer Armor
29:08 Man-at-Arms
30:22 Scale Mail Armor
30:46 Wootz Steel
29:54 Elite Skirmisher
31:06 Forging
30:36 Long Swordsman
31:38 Chain Mail Armor
31:23 Gambesons
31:46 Squires
32:16 Thumb Ring
32:51 Iron Casting
31:59 Two-Handed Swordsman
33:25 Plate Mail Armor
34:23 Chemistry
33:01 Champion
35:54 Blast Furnace
36:00 Bracer
35:39 Halberdier
37:47 Ring Archer Armor
38:32 Conscription
41:13 Arson
44:25 Elite Elephant Archer
46:18 Medical Corps
67:47 Light Cavalry
68:28 Husbandry
Iguano Pop
10:34 Feudal Age
9:06 Loom
11:50 Fletching
14:20 Double-Bit Axe
22:56 Town Watch
26:01 Castle Age
25:20 Horse Collar
26:56 Bodkin Arrow
35:35 Padded Archer Armor
37:46 Bloodlines
39:49 Wheelbarrow
39:21 Husbandry
42:04 Leather Archer Armor
45:42 Imperial Age
46:20 Imperial Age
47:53 Scale Barding Armor
48:50 Chemistry
47:26 Light Cavalry
47:59 Gold Mining
48:21 Bow Saw
48:13 Heavy Plow
48:44 Siege Engineers
57:09 Masonry
62:29 Thumb Ring
61:53 Elite Skirmisher
64:38 Hand Cart
65:39 Chain Barding Armor
66:35 Ballistics
66:34 Bracer
68:14 Coinage
69:51 Plate Barding Armor
jack.pangjw
10:38 Feudal Age
14:32 Castle Age
12:44 Double-Bit Axe
13:50 Horse Collar
14:09 Fletching
23:51 Wheelbarrow
23:37 Bow Saw
24:51 Hand Cart
25:22 Gold Mining
25:49 Loom
28:55 Imperial Age
27:01 Ballistics
27:34 Bodkin Arrow
27:01 Crossbowman
27:57 Heavy Plow
28:02 Elite Skirmisher
30:39 Chemistry
29:42 Bracer
30:29 Gold Shaft Mining
30:00 Padded Archer Armor
31:18 Leather Archer Armor
32:42 Ring Archer Armor
33:40 Conscription
32:49 Arbalester
33:56 Scale Mail Armor
34:08 Forging
34:48 Scale Barding Armor
35:45 Thumb Ring
36:55 Chain Barding Armor
37:11 Iron Casting
38:33 Plate Barding Armor
39:13 Husbandry
39:51 Logistica
39:45 Elite Cataphract
41:49 Murder Holes
63:24 Crop Rotation
66:21 Chain Mail Armor
68:04 Caravan
Connection lost

Rejoining the realm…

Still unreachable

The connection could not be restored.

Session expired

The server has moved on; the page needs a fresh start.